 Dungeon Crawl Stone Soup version 0.22-a0-567-gff9aefc (webtiles) character file.

13217 Amnesiac the Nimble (level 11, -9/58 HPs)
             Began as a Spriggan Fighter on June 30, 2018.
             Was a High Priest of Ru.
             Mangled by Saint Roka
             ... wielding a +3 battleaxe of chopping
              (27 damage)
             ... on level 2 of the Orcish Mines.
             The game lasted 00:29:12 (12289 turns).

Amnesiac the Nimble (Spriggan Fighter)             Turns: 12289, Time: 00:29:12

Health: -9/58      AC: 13    Str: 15    XL:     11   Next: 72%
Magic:  18/18      EV: 26    Int: 10    God:    Ru [*****.]
Gold:   808        SH: 11    Dex: 23    Spells: 10/10 levels left

rFire    . . .     SeeInvis +   a - +2 dagger (venom)
rCold    x . .     Gourm    .   w - +3 buckler
rNeg     + . .     Faith    .   m - +4 robe of Raing {rC- rN+ rCorr Dex+2}
rPois    .         Spirit   .   (helmet restricted)
rElec    .         Reflect  .   q - +2 cloak
rCorr    +         Harm     .   (gloves unavailable)
MR       .....                  (boots unavailable)
Stlth    ++++......             e - amulet of rage
HPRegen  0.19/turn              I - +4 ring of protection
MPRegen  0.16/turn              y - +5 ring of dexterity

@: exhausted, horrified, very slightly contaminated, heavily drained, invisible,
very quick
A: very small, unfitting armour, see invisible, herbivore, speed 3, slow
metabolism 2, hated by all, cowardly, no air magic, no conjurations magic, no
necromancy magic, magic vulnerability 1
a: Draw Out Power, Power Leap, Apocalypse, Renounce Religion, Evoke Berserk Rage


You were on level 2 of the Orcish Mines.
You worshipped Ru.
Ru was extremely pleased with you.
You were not hungry.

You visited 3 branches of the dungeon, and saw 12 of its levels.

You collected 961 gold pieces.
You spent 153 gold pieces at shops.

Inventory:

Hand Weapons
 a - a +2 dagger of venom (weapon)
 b - the +4 rapier of Accord {flame, SInv}
   (You found it on level 5 of the Dungeon)

   It has been specially enchanted to burn those struck by it, causing extra
   injury to most foes and up to half again as much damage against particularly
   susceptible opponents.
   It lets you see invisible.
 E - a +2 dagger of venom
Missiles
 l - 127 sling bullets
 r - 2 throwing nets (quivered)
Armour
 m - the +4 robe of Raing (worn) {rC- rN+ rCorr Dex+2}
   (You found it on level 5 of the Dungeon)

   It affects your dexterity (+2).
   It makes you vulnerable to cold.
   It protects you from negative energy.
   It protects you from acid and corrosion.
 q - a +2 cloak (worn)
 w - a +3 buckler (worn)
 G - a +0 troll leather armour
Jewellery
 e - an amulet of rage (around neck)
 x - an uncursed ring of poison resistance
 y - a +5 ring of dexterity (right hand)
 I - a +4 ring of protection (left hand)
Wands
 d - a wand of disintegration (16)
 p - a wand of scattershot (6)
 s - a wand of paralysis (18)
 B - a wand of flame (22)
Scrolls
 c - 3 scrolls of identify {!r}
 h - 3 scrolls of fog {!r, unknown}
 i - 7 scrolls of remove curse {!r}
 k - a scroll of amnesia {!r, unknown}
 o - a scroll of enchant armour {!r}
 u - 2 scrolls of teleportation {!r}
 D - a scroll of enchant weapon {!r}
Potions
 j - 3 potions of curing {!q}
 n - a potion of flight {!q}
 v - 3 potions of brilliance {!q}
 z - 4 potions of berserk rage {!q}
 C - a potion of haste {!q, unknown}
 F - a potion of cancellation {!q, unknown}
 H - a potion of agility {!q, unknown}
Comestibles
 f - 14 rations


   Skills:
 + Level 6.4(4.4) Fighting
 - Level 10.6(8.3) Short Blades
 + Level 10.8(8.6) Dodging
 - Level 10.6(8.4) Stealth
 - Level 7.2(5.2) Shields
 - Level 9.0(6.8) Evocations


You had 10 spell levels left.
You didn't know any spells.
Your spell library was empty.

Dungeon Overview and Level Annotations

Branches:
Dungeon (9/15)             Temple (1/1) D:7             Orc (2/2) D:9
    Elf (0/3) Orc:2
   Lair: D:8-11

Altars:
Ashenzari
Cheibriados
Dithmenos
Elyvilon
Fedhas
Gozag
Hepliaklqana
Kikubaaqudgha
Makhleb
Nemelex Xobeh
Okawaru
Qazlal
Ru
Sif Muna
Trog
Uskayaw
Vehumet
Wu Jian
Xom
Yredelemnul
Zin
The Shining One
Beogh

Shops:
Orc:2 (([*

Annotations:
Orc:2 3 runed doors, Niwyotz's ghost, journeyman MiFi; Saint Roka


Innate Abilities, Weirdness & Mutations

You are very small and have problems with some larger weapons.
You are too small for most types of armour.
You have supernaturally acute eyesight. (SInv)
You are a herbivore.
You cover ground extremely quickly.
You need to consume almost no food.
You are hated by all.
Your cowardice makes you less effective in combat with threatening monsters.
You cannot study or cast Air magic.
You cannot study or cast Conjurations magic.
You cannot study or cast Necromancy magic.
You are slightly vulnerable to magic. (MR-)


Message History

Saint Roka is severely wounded.
You barely miss Saint Roka.
Saint Roka is severely wounded.
Saint Roka is no longer blind.
Saint Roka says, "In the orcish mines, orcs kill the likes of YOU!"
Saint Roka invokes the aid of Beogh against you.
Beogh smites you!
* * * LOW HITPOINT WARNING * * *
Okay, then.
You redirect the orc priest's attack!
You see here a bolt.
Really quaff
A - a potion of invisibility {!q}?
You fade into invisibility!
Saint Roka unwields an uncursed battleaxe of chopping.
Saint Roka wields an uncursed arbalest of flaming.
It bursts into flame!
Saint Roka shoots a bolt.
The bolt misses you.
You are very lightly contaminated with residual magic.
Really quaff
t - a puce potion {!q}?
It was a potion of ambrosia {!q}.
You are confused.
You feel invigorated.
Saint Roka calls down the wrath of Beogh upon you.
Beogh smites you!
* * * LOW HITPOINT WARNING * * *
Things that are here:
a mace; a leather armour; an orc corpse You're too confused to move!
Saint Roka shoots a bolt.
Saint Roka is stunned by your will and fails to attack.
You redirect the orc priest's attack!
You're too confused to move!
An orc comes into view. It is wielding a trident.
Saint Roka shoots a bolt.
You're too confused to move!
You feel less invigorated.
You feel less confused.
Saint Roka is stunned by your will and fails to attack.
Evoke which item? (* to show all) (? for menu, Esc to quit)
Aiming: Disintegrate
Press: ? - help, Shift-Dir - straight line, f - orc priest
Aim: an orc priest, wielding a dagger (hasn't noticed you, chance to defeat MR: 86%)
The orc priest shouts!
The orc priest is blasted.
You blow up the orc priest!
The orc shouts!
Unknown command.
Evoke which item? (* to show all) (? for menu, Esc to quit)
Aiming: Disintegrate
Press: ? - help, Shift-Dir - straight line, f - Saint Roka
Aim: Saint Roka, wielding an arbalest of flaming and wearing a plate armour (severely wounded, poisoned, chance to defeat MR: 39%) Saint Roka resists with some effort.
Saint Roka calls down the wrath of Beogh upon you.
Beogh smites you!
* * * LOW HITPOINT WARNING * * *
Saint Roka says, "In the orcish mines, orcs kill the likes of YOU!"
Saint Roka shoots a bolt.
You hit Saint Roka.
Saint Roka looks as sick as possible!
Saint Roka is severely wounded.
You hit Saint Roka but do no damage.
Saint Roka looks as sick as possible!
Saint Roka is severely wounded.
You redirect Saint Roka's attack!
Saint Roka unwields an uncursed arbalest of flaming.
It stops flaming.
Saint Roka wields an uncursed battleaxe of chopping.
Saint Roka hits you with an uncursed battleaxe of chopping!!
You die...

#...#...# #..#...........#)###...
#...#)).####.#(..........#).)#...
##)###'##8.#.............#.8.#8)8
.).)[....()'.8.%.........#)).#.∩.
.).)8)..)..'...........).##'#####
)o(o)()...)'.8)..................
##'###)##8.#.).))%............###
#...#)).####.#..o)...............
#...#...# #.....@.....#....######
#...#..(###................#...8#
##########(................'))).#
........o..#.....#...#.######
..........))[...#..........
......(.........#.#.######
##.#.#.........######
.#####.##......#...#
...............#...####


You could see Saint Roka and an orc.

Vanquished Creatures
  4 two-headed ogres
  An orc high priest (Orc:2)
  Pikel (D:7)
  An orc sorcerer (Orc:1)
  Joseph (D:8)
  Psyche (D:8)
  2 trolls
  A hornet (D:9)
  2 hippogriffs
  Sigmund (D:2)
  Grum (D:8)
  3 wargs
  Duvessa (D:4)
  18 orc warriors
  An ice beast (D:9)
  A slave (D:7)
  3 sky beasts
  A phantom (D:7)
  5 ogres
  2 centaurs
  3 wolves (D:8)
  A crocodile (D:7)
  2 big kobolds
  4 bullfrogs
  Dowan (D:4)
  4 scorpions
  4 wights (D:7)
  3 howler monkeys
  An electric eel (D:7)
  3 crimson imps
  4 bullfrog zombies
  4 hounds
  2 jellies
  2 centaur skeletons
  Crazy Yiuf (D:6)
  A gnoll shaman (D:6)
  24 orc priests
  13 orc wizards
  6 worker ants
  An iguana (D:9)
  2 killer bee zombies
  2 hound skeletons
  2 worker ant zombies
  Robin (D:4)
  16 gnolls
  2 howler monkey skeletons
  14 adders
  3 shadow imps
  An ooze (D:4)
  4 adder zombies
  An adder skeleton (D:5)
  A worm (D:2)
  2 dart slugs (D:2)
  5 leopard geckos
  79 orcs
  A giant cockroach (D:2)
  9 goblins
  9 hobgoblins
  6 jackals
  16 kobolds
  4 quokkas
  2 ball pythons
  11 bats
  5 frilled lizards
  5 rats
338 creatures vanquished.

Vanquished Creatures (others)
  A cyclops (Orc:2)
  An orc warrior (Orc:2)
  A phantom (D:9)
  A wight (D:7)
  A hound skeleton (D:5)
5 creatures vanquished.

Grand Total: 343 creatures vanquished

Notes
Turn   | Place    | Note
-------+----------+-------------------------------------------
     0 | D:1      | Amnesiac the Spriggan Fighter began the quest for the Orb.
     0 | D:1      | Reached XP level 1. HP: 11/11 MP: 2/2
   539 | D:2      | Reached skill level 1 in Stealth
   544 | D:2      | Noticed Sigmund
   575 | D:2      | Reached XP level 2. HP: 15/16 MP: 3/3
   990 | D:4      | Noticed an ogre
  1013 | D:4      | Noticed a howler monkey
  1049 | D:4      | Noticed Duvessa
  1053 | D:4      | Noticed Dowan
  1055 | D:5      | Entered Level 5 of the Dungeon
  1062 | D:5      | Got a heavily jewelled robe
  1073 | D:5      | Identified the +4 robe of Raing {rC- rN+ rCorr Dex+2} (You found it on level 5 of the Dungeon)
  1111 | D:5      | Reached XP level 3. HP: 9/19 MP: 4/4
  1379 | D:6      | Noticed a bullfrog
  1397 | D:6      | Killed a bullfrog
  1397 | D:6      | Reached XP level 4. HP: 21/23 MP: 4/7
  1447 | D:5      | Noticed a big kobold
  1519 | D:6      | Reached XP level 5. HP: 19/27 MP: 7/9
  1722 | D:6      | Reached skill level 5 in Evocations
  1745 | D:6      | Found a sparkling altar of Nemelex Xobeh.
  1746 | D:6      | Found an opulent altar of Gozag.
  1913 | D:4      | Found a radiant altar of Vehumet.
  1913 | D:4      | Found a glowing silver altar of Zin.
  1925 | D:4      | Found a sacrificial altar of Ru.
  1933 | D:4      | Became a worshipper of Ru the Awakened
  1950 | D:4      | Noticed Robin
  1988 | D:4      | Killed Robin
  1999 | D:4      | Reached XP level 6. HP: 16/32 MP: 11/11
  2225 | D:4      | Killed Duvessa
  2225 | D:4      | Killed Dowan
  2225 | D:4      | Reached XP level 7. HP: 23/35 MP: 12/14
  2759 | D:2      | Killed Sigmund
  3129 | D:2      | Gained mutation: You cannot study or cast Air magic. [Ru sacrifice]
  3129 | D:2      | Gained mutation: You cannot study or cast Necromancy magic. [Ru sacrifice]
  3129 | D:2      | Gained mutation: You cannot study or cast Conjurations magic. [Ru sacrifice]
  3129 | D:2      | Reached * piety under Ru
  4077 | D:3      | Reached skill level 5 in Short Blades
  4077 | D:3      | Reached skill level 5 in Stealth
  4168 | D:3      | Found a glowing golden altar of the Shining One.
  4646 | D:4      | Reached XP level 8. HP: 5/39 MP: 15/15
  5602 | D:5      | Got a translucent rapier
  5603 | D:5      | Identified the +4 rapier of Accord {flame, SInv} (You found it on level 5 of the Dungeon)
  5816 | D:5      | Gained mutation: You are slightly vulnerable to magic. (MR-) [Ru sacrifice]
  5816 | D:5      | Reached ** piety under Ru
  6723 | D:6      | Found a runed door.
  6727 | D:6      | Noticed Crazy Yiuf
  6750 | D:6      | Killed Crazy Yiuf
  7765 | D:7      | Reached XP level 9. HP: 43/43 MP: 16/16
  8226 | D:7      | Found a staircase to the Ecumenical Temple.
  8290 | Temple   | Entered the Ecumenical Temple
  8485 | D:7      | Found a blossoming altar of Fedhas.
  8495 | D:7      | Noticed Pikel
  8501 | D:7      | Reached skill level 10 in Short Blades
  8502 | D:7      | Killed Pikel
  8502 | D:7      | Reached skill level 10 in Stealth
  8588 | D:8      | Noticed Psyche
  8593 | D:8      | Killed Psyche
  8600 | D:8      | Gained mutation: Your cowardice makes you less effective in combat with threatening monsters. [Ru sacrifice]
  8600 | D:8      | Reached *** piety under Ru
  8608 | D:8      | Noticed Grum
  8633 | D:8      | Killed Grum
  8633 | D:8      | Reached XP level 10. HP: 45/47 MP: 17/17
  8787 | D:8      | Reached skill level 5 in Shields
  8814 | D:8      | Noticed a two-headed ogre
  8819 | D:8      | Killed a two-headed ogre
  8944 | D:8      | Noticed a two-headed ogre
  8994 | D:8      | Killed a two-headed ogre
  9187 | D:8      | Noticed Joseph
  9203 | D:8      | Killed Joseph
  9443 | D:9      | Reached skill level 5 in Dodging
  9454 | D:9      | Found a staircase to the Orcish Mines.
  9726 | D:9      | Noticed a dagger
  9726 | D:9      | Noticed a hand axe
  9758 | D:9      | Noticed a two-headed ogre
  9828 | D:9      | Killed a two-headed ogre
  9828 | D:9      | Reached XP level 11. HP: 53/53 MP: 18/18
 10005 | D:9      | Noticed a two-headed ogre
 10012 | D:9      | Killed a two-headed ogre
 10127 | D:9      | Found a hide-covered altar of Uskayaw.
 10349 | Orc:1    | Entered Level 1 of the Orcish Mines
 10349 | Orc:1    | Noticed an orc sorcerer
 10353 | Orc:1    | Killed an orc sorcerer
 10401 | Orc:1    | Gained mutation: You are hated by all. [Ru sacrifice]
 10401 | Orc:1    | Reached **** piety under Ru
 10401 | Orc:1    | Reached ***** piety under Ru
 10536 | Orc:1    | Found a roughly hewn altar of Beogh.
 10636 | Orc:2    | Entered Level 2 of the Orcish Mines
 10636 | Orc:2    | Found a staircase to the Elven Halls.
 10679 | Orc:2    | Found a roughly hewn altar of Beogh.
 10734 | Orc:2    | Reached skill level 5 in Fighting
 10811 | Orc:2    | Found Uruery's Weapon Shoppe.
 10955 | Orc:2    | Found a runed gate.
 10958 | Orc:2    | Found a runed gate.
 10959 | Orc:2    | Found a runed gate.
 10981 | Orc:2    | Noticed Niwyotz's ghost (journeyman MiFi)
 11780 | Orc:2    | Noticed an orc high priest
 11785 | Orc:2    | Noticed a sixfirhy
 11788 | Orc:2    | Killed an orc high priest
 11788 | Orc:2    | Reached skill level 10 in Dodging
 11810 | Orc:2    | Found a roughly hewn altar of Beogh.
 11813 | Orc:2    | Found Unwucono's Assorted Antiques.
 11820 | Orc:2    | Bought a murky dark potion for 23 gold pieces
 11820 | Orc:2    | Bought a tubular moonstone ring for 130 gold pieces
 11903 | Orc:2    | Noticed Saint Roka
 11908 | Orc:2    | Found Ras Dacu's Antique Weapon Emporium.
 11909 | Orc:2    | Found a roughly hewn altar of Beogh.
 11910 | Orc:2    | Found Pejiladdut's Antique Armour Shoppe.
 12289 | Orc:2    | Mangled by Saint Roka

Vault maps used:
D:1:      ncdulo_halloftheorcs, minmay_misc_feat_more_columns
D:2:      first_ration, kennysheep_boxes, uniq_sigmund
D:3:      tso_altar
D:4:      nicolae_ru_awakened_eye, gammafunk_temple_overflow_elements,
          uniq_robin, uniq_duvessa
D:5:      nrook_uturn, fountainhead, fountainhead
D:6:      grunt_temple_overflow_opulence, minivault_26, uniq_crazy_yiuf_cottage
D:7:      cheibrodos_helix_gallery, minmay_temple_entry_statues_pillars,
          basic_altar, grunt_ogre_cave, uniq_pikel
D:8:      feat_on_display, uniq_grum, uniq_psyche, uniq_joseph
D:9:      dancing_weapons_uskayaw, david_orc_2
Temple:   eino_wide_crystal_templ
Orc:1:    basic_altar
Orc:2:    grunt_orc_community_town_hall, grunt_orc_community_big_house_1,
          grunt_orc_community_big_house_2, grunt_orc_community_house_2,
          grunt_orc_community_house_1, grunt_orc_community_house_3,
          grunt_orc_community_house_3, grunt_orc_community_house_3,
          serial_shops, nicolae_shop_stone, gammafunk_ghost_necromancy,
          nicolae_orc_damp_corner

Skill      XL: |  1  2  3  4  5  6  7  8  9 10 11 |
---------------+----------------------------------+-----
Stealth        | 1 4 5 8 10 | 10.6
Evocations     | 3 4 6 8 9 |  9.0
Short Blades   | 5 8 10 | 10.6
Shields        | 4 7 |  7.2
Dodging        | 6 10 | 10.8
Fighting       | 3 6 |  6.4

Action                   |  1- 3 |  4- 6 |  7- 9 | 10-12 || total
-------------------------+-------+-------+-------+-------++-------
Melee: Rapier            |    88 |   138 |     2 |       ||   228
       Dagger            |       |     8 |   642 |   500 ||  1150
       Short sword       |       |       |    23 |       ||    23
Invok: Sacrifice Arcana  |       |       |     1 |       ||     1
       Sacrifice Essence |       |       |     1 |       ||     1
       Sacrifice Courage |       |       |     1 |       ||     1
       Power Leap        |       |       |       |    10 ||    10
       Apocalypse        |       |       |       |     2 ||     2
       Sacrifice Love    |       |       |       |     1 ||     1
       Reject Sacrifices |       |       |       |     1 ||     1
 Abil: Evoke Berserk Rag |       |     1 |     1 |       ||     2
Evoke: Wand              |       |       |    17 |    28 ||    45
  Use: Potion            |       |     3 |       |     2 ||     5
       Scroll            |       |     1 |    10 |       ||    11
 Stab: Sleeping          |     3 |     1 |    20 |    25 ||    49
       Distracted        |       |     1 |     3 |     4 ||     8
       Paralysed         |       |       |     1 |     2 ||     3
       Invisible         |       |       |       |     6 ||     6
  Eat: Ration            |       |       |     5 |     2 ||     7
Armor: Robe              |    10 |    29 |    66 |    25 ||   130
Dodge: Dodged            |    46 |   170 |   303 |   159 ||   678
Block: Buckler           |    31 |    62 |   118 |   152 ||   363

Table legend:
 A = Spawn XP
 B = Non-spawn XP
 C = Spawn XP percentage of total XP
 D = Spawn monster count
 E = Non-spawn monster count
 F = Spawn count percentage of total count
 G = Total turns spent on level
                    A         B        C        D         E        F      G
               +---------+---------+-------+---------+---------+-------+---------
         Total |       0 |   18882 |   0.0 |       0 |     341 |   0.0 | 12289
               +---------+---------+-------+---------+---------+-------+---------
           D:1 |       0 |      14 |   0.0 |       0 |      12 |   0.0 |   811
           D:2 |       0 |     311 |   0.0 |       0 |      27 |   0.0 |   883
           D:3 |       0 |     275 |   0.0 |       0 |      29 |   0.0 |  1451
           D:4 |       0 |     597 |   0.0 |       0 |      33 |   0.0 |  1300
           D:5 |       0 |     790 |   0.0 |       0 |      32 |   0.0 |  1708
           D:6 |       0 |     589 |   0.0 |       0 |      20 |   0.0 |  1439
           D:7 |       0 |    2307 |   0.0 |       0 |      40 |   0.0 |   926
           D:8 |       0 |    4322 |   0.0 |       0 |      28 |   0.0 |   810
           D:9 |       0 |    3657 |   0.0 |       0 |      39 |   0.0 |   951
         Orc:1 |       0 |    1173 |   0.0 |       0 |      13 |   0.0 |   310
         Orc:2 |       0 |    4847 |   0.0 |       0 |      68 |   0.0 |  1630
               +---------+---------+-------+---------+---------+-------+---------
